 Dungeon Sprint DCSS version 0.20-a0-11-ga97c7b5 (webtiles) character file.

37686 poirepourri the Ninja (level 12, -1/60 HPs)
             Began as a Spriggan Enchanter on Nov 2, 2016.
             Was the Champion of Dithmenos.
             Slain by a dire elephant (37 damage)
             ... in the Dungeon (Sprint III: "The Ten Rune Challenge").
             The game lasted 00:13:57 (2860 turns).

poirepourri the Ninja (Spriggan Enchanter)          Turns: 2860, Time: 00:13:57

Health: -1/60      AC:  4    Str:  4    XL:     12   Next: 82%
Magic:  9/34       EV: 24    Int: 17    God:    Dithmenos [******]
Gold:   620        SH:  0    Dex: 21    Spells: 6 memorised, 29 levels left

rFire  . . .     SeeInvis +     j - +3 rapier (vamp)
rCold  . . .     Gourm    .     s - +0 troll leather armour {Snorg}
rNeg   . . .     Faith    .     (shield restricted)
rPois  .         Spirit   .     (helmet restricted)
rElec  .         Reflect  .     (no cloak)
rCorr  .         Harm     .     (gloves unavailable)
MR     ++...     NoTele   +     (boots unavailable)
Stlth  +++++++++.               (no amulet)
                                (no ring)
                                (no ring)

@: very slightly contaminated, wreathed by umbra, invisible, very quick
A: unfitting armour, see invisible, herbivore 3, speed 3, slow metabolism 2
a: Shadow Step, Shadow Form, Renounce Religion
}: 1/10 runes: barnacled


You were in the Dungeon.
You worshipped Dithmenos.
Dithmenos was exalted by your worship.
You were not hungry.

You visited 1 branch You collected 1200 gold pieces.
You spent 580 gold pieces at shops.

Inventory:

Hand Weapons
 j - a +3 vampiric rapier (weapon)
 l - a +0 dagger of electrocution
 t - a +2 dagger of venom
 u - a +0 blowgun
Missiles
 v - 10 needles of paralysis
Armour
 b - a +1 robe
 s - a +0 troll leather armour (worn) {Snorg}
Wands
 i - a wand of flame (9/48)
Scrolls
 n - a scroll of remove curse
Potions
 e - 2 potions of mutation
 f - 2 potions of heal wounds
 g - 2 potions of haste
 h - a potion of magic
 k - 3 potions of cure mutation
 o - 3 potions of flight
 p - a potion of berserk rage
 q - a potion of might
Books
 c - a book of Maledictions

   Spells                             Type                      Level
   a - Corona                         Hexes                        1
   b - Ensorcelled Hibernation        Hexes/Ice                    2
   c - Confuse                        Hexes                        3
   d - Tukima's Dance                 Hexes                        3
   e - Dazzling Spray                 Conjuration/Hexes            3
 m - a book of Misfortune

   Spells                             Type                      Level
   a - Confusing Touch                Hexes                        1
   b - Confuse                        Hexes                        3
   c - Gell's Gravitas                Hexes/Translocation          3
   d - Petrify                        Transmutation/Earth          4
   e - Metabolic Englaciation         Hexes/Ice                    5
   f - Yara's Violent Unravelling     Hexes/Transmutation          5
Comestibles
 d - a bread ration
 r - 28 royal jellies
 w - 6 fruits


   Skills:
 + Level 5.4 Fighting
 + Level 10.7 Short Blades
 + Level 3.7 Armour
 + Level 9.2 Dodging
 O Level 27 Stealth
 + Level 17.9 Spellcasting
 + Level 3.1 Conjurations
 + Level 17.6 Hexes
 + Level 6.3 Ice Magic
 + Level 3.2 Invocations


You had 29 spell levels left.
You knew the following spells:

 Your Spells              Type           Power        Failure   Level  Hunger
a - Corona                Hex            ######.      0%          1    None
b - Ensorcelled Hibernat  Hex/Ice        ######       1%          2    None
c - Confuse               Hex            ######..     0%          3    None
d - Tukima's Dance        Hex            ######..     0%          3    None
e - Dazzling Spray        Conj/Hex       ######       1%          3    None
f - Yara's Violent Unrav  Hex/Tmut       #####.....   6%          5    ###....


Dungeon Overview and Level Annotations

Branches:
Dungeon (1/1)

Altars:
Cheibriados
Dithmenos
Elyvilon
Fedhas
Gozag
Hepliaklqana
Kikubaaqudgha
Makhleb
Nemelex Xobeh
Okawaru
Qazlal
Ru
Sif Muna
Trog
Uskayaw
Vehumet
Xom
Yredelemnul
Zin
The Shining One
Beogh
Jiyva
Lugonu

Shops:
D ((}!

Annotations:
D Gastronok


Innate Abilities, Weirdness & Mutations

You are very small and have problems with some larger weapons.
You are too small for most types of armour.
You have supernaturally acute eyesight. (SInv)
You are a herbivore.
You cover ground extremely quickly.
You need consume almost no food.


Message History

Casting: Dazzling Spray
Confirm with . or Enter, or press ? or * to list all spells.
You can't see any susceptible monsters within range! (Use Z to cast anyway.) Unknown command.
There is an open door to the Lair of Beasts here.
Casting: Dazzling Spray
Confirm with . or Enter, or press ? or * to list all spells.
Aiming: Confuse
Press: ? - help, Shift-Dir - straight line, f/p - dire elephant
Aim: a dire elephant (heavily wounded, hasn't noticed you, umbra, chance to defeat MR: 15%)
The dire elephant trumpets!
The dire elephant resists with almost no effort.
Your shadow mimicks your spell!
The dire elephant resists with almost no effort.
You enter the shallow water.
Moving in this stuff is going to be slow. ...and don't expect to remain undetected.
The dire elephant tramples you!!!
Ouch! That really hurt!
You die...

.))...#..###∩.##.#.+...#*,,,,+,,,
#####)#)[# ##.##########*********
__#.).#'#########################
__#...#.)≈≈≈'.#.'...'.#.#.#.'.†.≈
__#...#)#≈≈§#.#.#...##.#§#.##†..≈
__#..)'.#§§§#.#.#)..#.#.#.#§#...≈
__'...#.#...#...#)).##.#.#§##...≈
▓▓▓▓▓▓▓▓▓▓▓▓▓▓▓▓▓▓▓▓#.#)#§#§#....
♣♣♣Y≈≈........≈Y@...##.#.#§##....
♣♣'♣≈≈≈≈≈≈≈≈≈≈≈≈♣♣..'.#.#.#.#....
.≈♣♣♣♣♣♣♣♣♣♣♣♣♣♣♣♣..##.#.#.######
..♣♣ ♣♣♣##'########**
##§♣♣♣♣♣♣♣♣♣♣♣♣♣♣♣**#...'.≈≈§§#*≈
♣♣.##..##≈≈≈≈≈≈..#,,#...#.≈≈§§#,,
..##.##.#≈≈≈≈≈§.†#,,#).)#.#≈§§#*≈
.##÷##.##'≈≈≈≈§####+#####.#,≈≈≈#*
..#.##...#≈≈.....§$.#)PP..#**≈≈≈≈


You could see a dire elephant.

Vanquished Creatures
  Frances (D)
  Polyphemus (D)
  Donald (D)
  Ilsuiw (D)
  Snorg (D)
  A merfolk javelineer (D)
  2 hydras (D)
  A centaur warrior (D)
  Urug (D)
  3 deep elf knights (D)
  A sea snake (D)
  A spriggan druid (D)
  A death drake (D)
  2 unseen horrors (D)
  A lindwurm (D)
  4 deep elf magi (D)
  2 elephants (D)
  A rime drake (D)
  2 spiny frogs (D)
  A komodo dragon (D)
  3 wandering mushrooms (D)
  2 tyrant leeches (D)
  A queen bee (D)
  2 orc high priests (D)
  5 blink frogs (D)
  3 dream sheep (D)
  3 redbacks (D)
  A shadow (D)
  2 spriggans (D)
  A spatial vortex (D)
  A swamp drake (D)
  A necrophage (D)
  2 centaurs (D)
  An earth elemental (D)
  A water elemental (D)
  32 killer bees (D)
  An electric eel (D)
  A jelly (D)
  6 orc priests (D)
  A wizard (D)
  3 orc wizards (D)
  Crazy Yiuf (D)
  A necromancer (D)
  A kobold demonologist (D)
  3 humans (D)
  An ooze (D)
  10 orcs (D)
  A hobgoblin (D)
  3 rats (D)
  A plant (D)
124 creatures vanquished.

Vanquished Creatures (others)
  2 draconian scorchers (D)
  6 hellions (D)
  A yaktaur (D)
  10 plants (D)
19 creatures vanquished.

Grand Total: 143 creatures vanquished

Notes
Turn   | Place    | Note
-------+----------+-------------------------------------------
     0 | D        | poirepourri the Spriggan Enchanter began the quest for the Orb.
     0 | D        | Reached XP level 1. HP: 9/9 MP: 5/5
     4 | D        | Reached skill level 5 in Stealth
    45 | D        | Noticed Crazy Yiuf
   123 | D        | Killed a hellion
   124 | D        | Killed a hellion
   124 | D        | Killed a hellion
   125 | D        | Killed a hellion
   126 | D        | Killed a hellion
   149 | D        | Killed a hellion
   221 | D        | Killed a white draconian scorcher
   296 | D        | Killed a white draconian scorcher
   303 | D        | Killed a yaktaur
   331 | D        | Killed Crazy Yiuf
   331 | D        | Reached skill level 7 in Stealth
   331 | D        | Reached skill level 5 in Hexes
   331 | D        | Reached XP level 2. HP: 13/13 MP: 6/8
   331 | D        | Reached XP level 3. HP: 16/16 MP: 6/9
   357 | D        | Learned a level 2 spell: Ensorcelled Hibernation
   361 | D        | Learned a level 3 spell: Confuse
   365 | D        | Learned a level 3 spell: Tukima's Dance
   397 | D        | Reached skill level 8 in Stealth
   531 | D        | Noticed a water elemental
   534 | D        | Killed a water elemental
   534 | D        | Reached skill level 9 in Stealth
   534 | D        | Reached skill level 5 in Spellcasting
   534 | D        | Reached XP level 4. HP: 21/21 MP: 12/12
   539 | D        | Learned a level 3 spell: Dazzling Spray
   542 | D        | Found a radiant altar of Vehumet.
   542 | D        | Found a deep blue altar of Sif Muna.
   542 | D        | Found an ancient bone altar of Kikubaaqudgha.
   542 | D        | Noticed a wizard
   544 | D        | Killed a wizard
   544 | D        | Reached skill level 1 in Fighting
   544 | D        | Reached XP level 5. HP: 25/25 MP: 14/14
   546 | D        | Reached skill level 10 in Stealth
   562 | D        | Found a glowing silver altar of Zin.
   562 | D        | Found a glowing golden altar of the Shining One.
   562 | D        | Found a white marble altar of Elyvilon.
   563 | D        | Noticed a deep elf mage
   565 | D        | Killed a deep elf mage
   565 | D        | Reached skill level 5 in Short Blades
   565 | D        | Reached skill level 14 in Stealth
   565 | D        | Reached skill level 10 in Hexes
   565 | D        | Reached XP level 6. HP: 30/30 MP: 15/17
   565 | D        | Reached XP level 7. HP: 35/35 MP: 15/18
   583 | D        | Found a hide-covered altar of Uskayaw.
   583 | D        | Found a roughly hewn altar of Beogh.
   583 | D        | Found an iron altar of Okawaru.
   583 | D        | Found a bloodstained altar of Trog.
   583 | D        | Noticed a human
   584 | D        | Noticed a human
   586 | D        | Killed a human
   586 | D        | Reached skill level 15 in Stealth
   587 | D        | Killed a human
   600 | D        | Found a basalt altar of Yredelemnul.
   600 | D        | Found a shadowy altar of Dithmenos.
   600 | D        | Found a sacrificial altar of Ru.
   602 | D        | Reached skill level 16 in Stealth
   611 | D        | Became a worshipper of Dithmenos the Shadowed
   618 | D        | Noticed a shadow
   620 | D        | Killed a shadow
   620 | D        | Reached XP level 8. HP: 39/39 MP: 20/20
   630 | D        | Found a blossoming altar of Fedhas.
   630 | D        | Found a stormy altar of Qazlal.
   630 | D        | Found a snail-covered altar of Cheibriados.
   630 | D        | Found a burning altar of Makhleb.
   630 | D        | Found a shimmering altar of Xom.
   631 | D        | Found a hazy altar of Hepliaklqana.
   631 | D        | Found an opulent altar of Gozag.
   631 | D        | Found a sparkling altar of Nemelex Xobeh.
   631 | D        | Found a corrupted altar of Lugonu.
   631 | D        | Found a viscous altar of Jiyva.
   634 | D        | Reached * piety under Dithmenos
   634 | D        | Reached skill level 17 in Stealth
   648 | D        | Noticed Snorg
   650 | D        | Killed Snorg
   650 | D        | Reached skill level 19 in Stealth
   650 | D        | Reached skill level 1 in Ice Magic
   650 | D        | Reached XP level 9. HP: 44/44 MP: 20/22
   683 | D        | Noticed a centaur warrior
   685 | D        | Reached ** piety under Dithmenos
   687 | D        | Reached skill level 20 in Stealth
   688 | D        | Killed a centaur warrior
   688 | D        | Reached skill level 21 in Stealth
   701 | D        | Noticed an unseen horror
   701 | D        | Noticed an unseen horror
   704 | D        | Killed an unseen horror
   704 | D        | Reached skill level 22 in Stealth
   706 | D        | Killed an unseen horror
   706 | D        | Reached *** piety under Dithmenos
   706 | D        | Reached XP level 10. HP: 49/49 MP: 23/23
   718 | D        | Reached skill level 23 in Stealth
   810 | D        | Learned a level 5 spell: Yara's Violent Unravelling
   821 | D        | Noticed Donald
   821 | D        | Noticed Frances
   824 | D        | Killed Frances
   824 | D        | Reached skill level 24 in Stealth
   825 | D        | Killed Donald
   825 | D        | Reached **** piety under Dithmenos
   825 | D        | Reached skill level 10 in Short Blades
   825 | D        | Reached skill level 25 in Stealth
   825 | D        | Reached skill level 10 in Spellcasting
   825 | D        | Reached skill level 1 in Invocations
   859 | D        | Reached skill level 26 in Stealth
   859 | D        | Reached XP level 11. HP: 49/54 MP: 18/26
   901 | D        | Reached ***** piety under Dithmenos
  1010 | D        | Reached ****** piety under Dithmenos
  1312 | D        | Reached skill level 1 in Armour
  1589 | D        | Reached skill level 27 in Stealth
  1816 | D        | Found Boilufie's Antique Weapon Boutique.
  1875 | D        | Bought a runed dagger for 200 gold pieces
  1889 | D        | Noticed a deep elf knight
  1889 | D        | Noticed a deep elf knight
  1889 | D        | Noticed a deep elf knight
  1889 | D        | Noticed a deep elf mage
  1889 | D        | Noticed a deep elf mage
  1903 | D        | Killed a deep elf mage
  1950 | D        | Killed a deep elf knight
  1997 | D        | Killed a deep elf mage
  2020 | D        | Killed a deep elf knight
  2045 | D        | Noticed a deep elf demonologist
  2049 | D        | Noticed a deep elf mage
  2054 | D        | Killed a deep elf mage
  2054 | D        | Reached skill level 5 in Ice Magic
  2157 | D        | Noticed a deep elf death mage
  2222 | D        | Killed a deep elf knight
  2222 | D        | Reached skill level 15 in Hexes
  2320 | D        | Reached skill level 1 in Conjurations
  2401 | D        | Noticed a lindwurm
  2405 | D        | Killed a lindwurm
  2405 | D        | Reached skill level 5 in Fighting
  2413 | D        | Noticed Urug
  2416 | D        | Killed Urug
  2486 | D        | Noticed a five-headed hydra
  2486 | D        | Noticed a six-headed hydra
  2488 | D        | Reached XP level 12. HP: 60/60 MP: 26/31
  2492 | D        | Killed a six-headed hydra
  2493 | D        | Killed a five-headed hydra
  2493 | D        | Reached skill level 15 in Spellcasting
  2532 | D        | Noticed Polyphemus
  2533 | D        | Noticed Ilsuiw
  2534 | D        | Killed Polyphemus
  2540 | D        | Killed Ilsuiw
  2547 | D        | Got a barnacled rune of Zot
  2552 | D        | Found Weedgh's Distillery.
  2552 | D        | Found Iffysopo's Gadget Shop.
  2552 | D        | Found Ukla's Antique Weapon Emporium.
  2552 | D        | Noticed a merfolk javelineer
  2554 | D        | Killed a merfolk javelineer
  2555 | D        | Bought a potion of flight for 30 gold pieces
  2555 | D        | Bought a potion of invisibility for 80 gold pieces
  2557 | D        | Bought a runed rapier for 270 gold pieces
  2611 | D        | Found a blossoming altar of Fedhas.
  2758 | D        | Noticed a dire elephant
  2758 | D        | Noticed a dire elephant
  2758 | D        | Noticed Gastronok
  2860 | D        | Slain by a dire elephant

Vault maps used:
D:        dungeon_sprint_mu

Skill      XL: |  1  2  3  4  5  6  7  8  9 10 11 12 |
---------------+-------------------------------------+-----
Stealth        | 7 9 14 16 19 22 26 27 | 27.0
Spellcasting   | 4 5 7 8 10 14 17 | 17.9
Hexes          | 5 7 10 11 12 13 15 17 | 17.6
Short Blades   | 2 3 5 7 8 9 10 | 10.7
Dodging        | 4 6 7 8 9 |  9.2
Fighting       | 1 2 3 4 5 |  5.4
Ice Magic      | 1 5 6 |  6.3
Invocations    | 1 3 |  3.2
Armour         | 2 3 |  3.7
Conjurations   | 1 3 |  3.1

Action                   |  1- 3 |  4- 6 |  7- 9 | 10-12 || total
-------------------------+-------+-------+-------+-------++-------
Melee: Dagger            |    26 |     3 |    14 |   162 ||   205
       Rapier            |       |       |       |    11 ||    11
 Cast: Ensorcelled Hiber |     2 |       |       |    75 ||    77
       Confuse           |       |       |       |    25 ||    25
       Dazzling Spray    |       |       |       |    20 ||    20
Invok: Shadow Step       |       |       |       |    12 ||    12
  Use: Potion            |     2 |       |       |     5 ||     7
       Scroll            |     4 |       |       |     2 ||     6
 Stab: Sleeping          |     5 |     3 |    14 |    77 ||    99
       Confused          |       |       |       |     4 ||     4
       Distracted        |       |       |       |     2 ||     2
  Eat: Bread ration      |       |       |       |     1 ||     1
Armor: Robe              |     1 |       |       |       ||     1
       Troll leather arm |       |       |       |     6 ||     6
Dodge: Dodged            |    11 |       |       |   102 ||   113
